AoeStats
← Lasky

Nomad

508071095Analyzed
3v3 RM · 12d ago on Sep 20, 2026· 45m 26s· 6 players
Game mode
Random Map
Map size
210×210
Population
200
Speed
Normal
Resources
Standard
Victory
Conquest
Starting age
Dark Age
Ending age
Imperial Age
RankedLock teamsTeams togetherTeam positionsShared explorationLock speedFull tech treeHidden civsTurbo modeCheats
Victory
Defeat
🇬🇧 Persians · United Kingdom
1031
+15
🇧🇪 Japanese · Belgium
1018
+15
🇧🇪 Mongols · Belgium
1013
+16
🇩🇪 Vikings · Germany
1059
-18
🇨🇳 Koreans · China
989
-15
🇹🇷 Huns · Türkiye
961
-30
Logh
5:22 Loom
14:21 Feudal Age
18:14 Castle Age
17:12 Double-Bit Axe
17:28 Horse Collar
19:23 Town Watch
21:00 Wheelbarrow
21:43 Medium Warships
23:55 Scale Barding Armor
26:45 Bloodlines
26:35 Husbandry
27:36 Chain Barding Armor
28:56 Hand Cart
31:22 Forging
41:32 Iron Casting
41:02 Stone Mining
41:07 Gold Mining
Gigantesco Mano
14:28 Feudal Age
18:24 Castle Age
16:47 Double-Bit Axe
20:00 Bow Saw
21:51 Stone Mining
23:44 Gold Mining
24:31 Horse Collar
26:11 Scale Mail Armor
26:21 Heavy Plow
26:25 Pikeman
27:18 Loom
28:13 Wheelbarrow
29:03 Hand Cart
30:15 Stone Shaft Mining
30:15 Gold Shaft Mining
31:02 Bloodlines
32:49 Scale Barding Armor
32:54 Forging
39:02 Imperial Age
38:46 Chain Barding Armor
39:02 Iron Casting
39:03 Cavalier
44:21 Savar
Rogeranium
4:42 Loom
13:24 Feudal Age
17:56 Castle Age
15:54 Double-Bit Axe
18:48 Medium Warships
18:55 Forging
23:33 Fishing Lines
24:54 Horse Collar
26:38 Bow Saw
26:31 Fletching
27:16 Padded Archer Armor
27:41 Thumb Ring
28:45 Wheelbarrow
28:18 Town Watch
28:59 Bodkin Arrow
30:58 Husbandry
31:19 Hand Cart
32:45 Heavy Plow
34:04 Leather Archer Armor
35:37 Bloodlines
40:13 Imperial Age
40:39 Ballistics
40:31 Masonry
40:48 Fervor
41:22 Parthian Tactics
40:18 Heavy Cavalry Archer
41:37 Ring Archer Armor
41:49 Conscription
43:24 Chemistry
42:31 Siege Engineers
42:32 Gold Mining
42:36 Stone Mining
HyWii
7:38 Loom
14:02 Feudal Age
19:52 Castle Age
17:59 Double-Bit Axe
22:15 Bow Saw
29:22 Forging
33:32 Horse Collar
35:30 Iron Casting
42:47 Imperial Age
39:47 Man-at-Arms
40:54 Scale Mail Armor
43:19 Chain Mail Armor
42:32 Long Swordsman
43:01 Gambesons
43:34 Two-Handed Swordsman
44:41 Gold Mining
45:11 Champion
Lasky
14:54 Feudal Age
16:28 Horse Collar
17:10 Gold Mining
19:16 Double-Bit Axe
20:51 Wheelbarrow
22:51 Castle Age
24:04 Heavy Plow
24:41 Gold Shaft Mining
24:46 Wheelbarrow
24:05 Stone Mining
24:56 Loom
24:57 Town Watch
29:52 Elite Skirmisher
31:18 Hand Cart
39:23 Pikeman
40:04 Squires
39:50 Arson
我不会玩4加2
5:09 Loom
13:40 Feudal Age
14:19 Fishing Lines
14:31 Double-Bit Axe
22:15 Castle Age
21:36 Gold Mining
23:25 Bow Saw
23:33 Gillnets
25:26 Fletching
25:33 Stone Mining
28:07 Wheelbarrow
28:04 Ballistics
27:55 Clinker Construction
27:43 Bodkin Arrow
30:17 Stone Shaft Mining
29:43 Treadmill Crane
30:22 Murder Holes
30:21 Heated Shot
35:53 Imperial Age
36:57 Scale Mail Armor
37:08 Forging
38:47 Conscription
40:04 Squires
40:17 Bracer
40:17 Elite War Wagon
41:00 Eupseong
Connection lost

Rejoining the realm…

Still unreachable

The connection could not be restored.

Session expired

The server has moved on; the page needs a fresh start.